 Dungeon Crawl Stone Soup version 0.25.0-8-gfd19cd77bd (webtiles) character file.

Game seed: 200866073063597427

517 Delamore the Cudgeler (level 7, 0/41 HPs)
             Began as a Gargoyle Fighter on June 16, 2020.
             Was a Believer of Fedhas.
             Slain by Pikel
             ... wielding a +2 whip of flaming
              (1 damage)
             ... on level 4 of the Dungeon.
             The game lasted 00:04:02 (4277 turns).

Delamore the Cudgeler (Gargoyle Fighter)            Turns: 4277, Time: 00:04:02

Health: 0/41       AC: 11    Str: 22    XL:     7   Next: 20%
Magic:  7/7        EV:  7    Int:  8    God:    Fedhas [**....]
Gold:   69         SH: 14    Dex:  9    Spells: 6/6 levels left

rFire    . . .     SeeInvis .   a - +0 flail
rCold    . . .     Gourm    .   c - +0 kite shield
rNeg     + . .     Faith    .   b - +0 scale mail
rPois    ∞         Spirit   .   (no helmet)
rElec    +         Reflect  +   (no cloak)
rCorr    .         Harm     .   (no gloves)
MR       .....                  (no boots)
Stlth    ..........             o - amulet of reflection
HPRegen  0.13/turn              (no ring)
MPRegen  0.10/turn              (no ring)

@: no status effects
A: negative energy resistance 1, electricity resistance, unbreathing,
petrification resistance, rot immunity, AC +4
a: Wall of Briars, Renounce Religion


You were on level 4 of the Dungeon.
You worshipped Fedhas.
Fedhas was pleased with you.
You were not hungry.

You visited 1 branch of the dungeon, and saw 4 of its levels.

You collected 69 gold pieces.

Inventory:

Hand Weapons
 a - a +0 flail (weapon)
Armour
 b - a +0 scale mail (worn)
 c - a +0 kite shield (worn)
Jewellery
 n - an uncursed amulet of the acrobat
 o - an amulet of reflection (around neck)
 w - an uncursed ring of ice
Wands
 t - a wand of flame (20)
Scrolls
 e - a scroll of fear {unknown}
 g - 8 scrolls of identify {unknown}
 i - 3 scrolls of amnesia {unknown}
 k - 2 scrolls of random uselessness {unknown}
 l - 2 scrolls of teleportation {unknown}
 m - a scroll of remove curse {unknown}
 q - a scroll of fog {unknown}
 r - a scroll of enchant armour {unknown}
 s - a scroll of enchant weapon {unknown}
 v - a scroll of magic mapping {unknown}
Potions
 d - a potion of might
 h - 2 potions of degeneration {unknown}
 j - 2 potions of heal wounds {unknown}
 p - a potion of ambrosia {unknown}
 u - a potion of berserk rage {unknown}
Comestibles
 f - 7 rations
 x - 8 chunks of flesh


   Skills:
 - Level 3.2 Fighting
 + Level 7.7 Maces & Flails
 - Level 3.2 Armour
 - Level 3.2 Shields


You had 6 spell levels left.
You didn't know any spells.
Your spell library was empty.

Dungeon Overview and Level Annotations

Branches:
Dungeon (4/15)
 Temple: D:4-7

Altars:
Fedhas

Annotations:
D:4 Pikel


Innate Abilities, Weirdness & Mutations

You are resistant to torment.
Your stone body is resilient. (AC +4)
You are immune to poison.
You resist negative energy. (rN+)
You are resistant to electric shocks. (rElec)
You can survive without breathing.
You are immune to petrification.
You are immune to rotting.


Message History

You see here a leather armour.
You block the slave's attack.
There is an open door here.
Pikel says, "I'm sure the Orcish Mines are around here somewhere..."
You closely miss the slave.
Your shield prevents you from hitting the slave.
The slave barely misses you. You block the slave's attack.
Pikel says, "Slavery isn't that bad."
You hit Pikel but do no damage.
Pikel is lightly wounded.
The slave barely misses you.
You closely miss Pikel.
Pikel is lightly wounded.
You block the slave's attack. Pikel waves his whip at you.
Pikel hits you with a +2 whip of flaming.
* * * LOW HITPOINT WARNING * * *
Pikel burns you.
You die...
Fedhas appreciates your contribution to the ecosystem.

#.................#......#####
#.................#......#....
#.................#......#....
#.................#......#....
#......)))........'......#....
#.......).........#......#....
#.....#####.......#......'....
#.....'...+.......########....
#.....#...#..@p..............÷
#.....#...###K####............
#.....#.....[pp..#............
#.....#..........#............
#...<.#..........#............
#.....#..........#............
#.....#..........#............
#'####...###............ ...
#...#......######'#


You could see Pikel and 3 slaves.

Vanquished Creatures
  Sigmund (D:3)
  A slave (D:4)
  A scorpion (D:4)
  A howler monkey (D:4)
  A crimson imp (D:3)
  An orc priest (D:3)
  An orc wizard (D:4)
  Jessica (D:3)
  Natasha (twice) (D:3)
  3 adders
  A worm (D:2)
  2 dart slugs
  2 leopard geckos (D:3)
  10 orcs
  8 bats
  A giant cockroach (D:4)
  9 goblins
  5 hobgoblins
  8 jackals
  A frilled lizard (D:2)
  7 kobolds
  5 rats
72 creatures vanquished.

Notes
Turn   | Place    | Note
-------+----------+-------------------------------------------
     0 | D:1      | Delamore the Gargoyle Fighter began the quest for the Orb.
     0 | D:1      | Reached XP level 1. HP: 14/14 MP: 1/1
   229 | D:1      | Reached XP level 2. HP: 16/19 MP: 2/2
   480 | D:1      | Reached skill level 3 in Maces & Flails
  1415 | D:2      | Reached XP level 3. HP: 23/23 MP: 3/3
  2120 | D:2      | Found a faded altar of an unknown god.
  2289 | D:2      | Became a worshipper of Fedhas Madash
  2289 | D:2      | Reached * piety under Fedhas
  2381 | D:2      | Reached skill level 4 in Maces & Flails
  2638 | D:2      | HP: 1/23 [adder (1)]
  2642 | D:2      | Reached XP level 4. HP: 2/28 MP: 4/4
  3147 | D:3      | Noticed Sigmund
  3157 | D:3      | Killed Sigmund
  3157 | D:3      | Reached skill level 6 in Maces & Flails
  3157 | D:3      | Reached XP level 5. HP: 32/32 MP: 5/5
  3157 | D:3      | Reached XP level 6. HP: 37/37 MP: 6/6
  3240 | D:3      | Noticed Jessica
  3247 | D:3      | Killed Jessica
  3398 | D:3      | Reached ** piety under Fedhas
  3577 | D:3      | Noticed Natasha
  3599 | D:3      | Killed Natasha
  3866 | D:3      | Noticed Natasha
  3873 | D:3      | Killed Natasha
  3873 | D:3      | Reached skill level 7 in Maces & Flails
  3982 | D:4      | Reached XP level 7. HP: 27/41 MP: 7/7
  4258 | D:4      | Noticed Pikel
  4277 | D:4      | HP: 1/41 [Pikel/+2 whip of flaming (4)]
  4277 | D:4      | Slain by Pikel

Illustrated notes

Levels and vault maps discovered:
D:1:      dpeg_arrival_pond, layout_basic, serial_glass, glass_columns_a,
          glass_columns_a
D:2:      layout_basic, chequers_ecumenical_altar_grove,
          kennysheep_generic_room_5
D:3:      layout_basic, minmay_tree_intersection, uniq_jessica, uniq_natasha,
          uniq_sigmund
D:4:      layout_gridville, serial_shops, shop, shop, shop, shop, shop_statue,
          ebering_ghost_inner_flame, minmay_misc_feat_nine_boxes, uniq_pikel

Skill      XL: |  1  2  3  4  5  6 |
---------------+-------------------+-----
Maces & Flails | 3 4 6 7 |  7.7
Fighting       | |  3.2
Armour         | |  3.2
Shields        | |  3.2

Action                   |  1- 3 |  4- 6 |  7- 9 || total
-------------------------+-------+-------+-------++-------
Melee: Flail             |   188 |   118 |    43 ||   349
  Eat: Chunk             |     5 |     5 |     1 ||    11
Armor: Scale mail        |   117 |    38 |    16 ||   171
Dodge: Dodged            |    75 |    31 |    14 ||   120
Block: Kite shield       |   123 |   111 |    33 ||   267
